AoeStats
← Chonsky

Glade

510418472Analyzed
1v1 RM · 1d ago on Sep 30, 2026· 35m 46s· 2 players
Game mode
Random Map
Map size
Tiny (2 player)
Population
200
Speed
Normal
Resources
Standard
Victory
Conquest
Starting age
Dark Age
Ending age
Imperial Age
RankedLock teamsTeams togetherTeam positionsShared explorationLock speedFull tech treeHidden civsTurbo modeCheats
Victory
Defeat
🇦🇹 Byzantines · Austria
743
+18
🇧🇷 Vikings · Brazil
783
-45
madking
12:37 Feudal Age
13:42 Double-Bit Axe
16:52 Castle Age
17:53 Horse Collar
20:53 Bow Saw
21:56 Crossbowman
23:32 Fletching
26:11 Heavy Plow
27:18 Thumb Ring
Chonsky
10:12 Feudal Age
10:58 Horse Collar
12:03 Double-Bit Axe
13:26 Man-at-Arms
23:08 Arson
23:18 Town Watch
25:07 Gold Mining
30:10 Castle Age
33:16 Squires
32:37 Pikeman
34:55 Loom
Connection lost

Rejoining the realm…

Still unreachable

The connection could not be restored.

Session expired

The server has moved on; the page needs a fresh start.